[Event "*** Titled Tuesday Blitz"]
[Site "Chess.com"]
[Date "2020.04.21"]
[Round "8"]
[White "LiemLe"]
[Black "exoticprincess"]
[Result "1-0"]
[WhiteElo "3007"]
[BlackElo "2856"]
[TimeControl "180+1"]
[EndTime "11:38:35 PDT"]
[Termination "LiemLe won by resignation"]

1. d4 c6 2. c4 d5 3. Nf3 Nf6 4. g3 Bg4 5. Ne5 e6 6. Nxg4 Nxg4 7. e4 Nf6 8. e5 Bb4+ 9. Bd2 Bxd2+ 10. Nxd2 Nfd7 11.
cxd5 cxd5 12. Bd3 Nc6 13. Nf3 Qb6 14. Bc2 g5 15. h3 h5 16. Ba4 Qb4+ 17. Kf1 b5 18.
Bb3 Ke7 19. a3 Qa5 20. Qc1 Qb6 21. Qxg5+ Kf8 22. Qf4 Re8 23. Rc1 a5 24. Kg2 a4 25.
Bc2 Re7 26. Bd3 Ke8 27. Rc3 Ndb8 28. Rhc1 Kd7 29. Rc5 Na7 30. Qf6 Rhe8 31. Ng5 Na6 32. Nxf7 Nxc5 33. Rxc5 Nc6 34. Bxb5 Rc8 35. Nd6 Rc7 36.
Bxa4 Qa6 37. Bb5 Qb6 38. a4 Rh7 39. a5 Qb8 40. Qg6 Re7 41. Qc2 Qa8 42. b4 Rg7 43.
Ba4 h4 44. g4 Rg8 45. Qh7+ 1-0

[Event "*** Titled Tuesday Blitz"]
[Site "Chess.com"]
[Date "2020.04.21"]
[Round "8"]
[White "IMRosen"]
[Black "IsikCan"]
[Result "1-0"]
[WhiteElo "2494"]
[BlackElo "2621"]
[TimeControl "180+1"]
[EndTime "11:38:35 PDT"]
[Termination "IMRosen won by checkmate"]

1. d4 d5 2. Bf4 c5 3. e3 cxd4 4. exd4 Nc6 5. Nf3 Bg4 6. Nbd2 Nxd4 7. Nxd4 Bxd1 8. Bb5+ Qd7 9. Bxd7+ Kxd7 10. Rxd1 f6 11. Bg3 e5 12. Ne2 Ke6 13. O-O Bc5 14. Rfe1 Ne7 15. c4 g5 16. cxd5+ Nxd5 17. Nb3 Bb6 18. Ned4+ Kf7 19. Nf5 Rhd8 20. h4 g4 21. Nh6+ Kg6 22. Nxg4 Rac8 23. h5+ Kxh5 24. Rxd5 Kxg4 25. Rxd8 Rxd8 26.
Kf1 h5 27. Ke2 h4 28. Bh2 Kf5 29. f3 Rg8 30. Kf1 Rc8 31. Re2 a5 32. Bg1 Bxg1 33.
Kxg1 a4 34. Nd2 Rc2 35. Kf2 Rxb2 36. Ne4 Rb4 37. Rc2 a3 38. Rd2 b5 39. Rd6 Rb2+ 40. Ke3 Rb3+ 41. axb3 a2 42. Rxf6# 1-0

[Event "*** Titled Tuesday Blitz"]
[Site "Chess.com"]
[Date "2020.04.21"]
[Round "8"]
[White "DrBergerBerger"]
[Black "Darhild"]
[Result "0-1"]
[WhiteElo "2451"]
[BlackElo "2599"]
[TimeControl "180+1"]
[EndTime "11:38:35 PDT"]
[Termination "Darhild won on time"]

1. e4 c5 2. Nc3 d6 3. d4 cxd4 4.
Qxd4 a6 5. b3 Nc6 6. Qd2 g6 7.
Bb2 Bh6 8. f4 e5 9. g3 Nf6 10.
O-O-O O-O 11. Kb1 Nd4 12. Nge2 Bg4 13. h3 Bf3 14. Rh2 Nxe2 15. Bxe2 Nxe4 16. Qe3 Nxc3+ 17. Qxc3 Be4 18. fxe5 Rc8 19. Bc4 Bg7 20. Qe3 d5 21. Rhd2 Qc7 22. Bxd5 Bxc2+ 23. Ka1 Bxd1 24. Rxd1 Qc2 25.
Qf3 b5 26. a3 Kh8 27. h4 Qc7 28. Re1 Rce8 0-1

[Event "*** Titled Tuesday Blitz"]
[Site "Chess.com"]
[Date "2020.04.21"]
[Round "8"]
[White "shyam"]
[Black "plumalka"]
[Result "1-0"]
[WhiteElo "2658"]
[BlackElo "2442"]
[TimeControl "180+1"]
[EndTime "11:38:36 PDT"]
[Termination "shyam won by resignation"]

1. d4 Nf6 2. c4 c5 3. d5 b5 4. Qc2 bxc4 5. e4 d6 6. Bxc4 g6 7. b3 Bg7 8. Bb2 O-O 9. Nd2 Ba6 10. Ngf3 Bxc4 11. Nxc4 Nbd7 12. O-O Nb6 13. Rad1 Nxc4 14.
Qxc4 a5 15. e5 Nd7 16. Rfe1 a4 17. bxa4 Nb6 18. Qc2 Nxa4 19. Ba1 Qa5 20. h4 Nb6 21. exd6 exd6 22. Bxg7 Kxg7 23. h5 Rfe8 24. Rxe8 Rxe8 25. Qb2+ f6 26. h6+ Kf7 27. Ng5+ Ke7 28. Nxh7 Nd7 29. Qb1 Kf7 30. Qb2 Re1+ 31. Rxe1 Qxe1+ 32. Kh2 Qe5+ 33. Qxe5 Nxe5 34. Kg3 g5 35. f4 c4 36.
fxe5 c3 37. Nxg5+ fxg5 38. e6+ Kg6 39. e7 Kf7 40. h7 c2 41. e8=Q+ Kxe8 42. h8=Q+ Kf7 43.
Qc3 c1=Q 44. Qxc1 1-0

[Event "*** Titled Tuesday Blitz"]
[Site "Chess.com"]
[Date "2020.04.21"]
[Round "8"]
[White "nabukatnezarr"]
[Black "gahryman"]
[Result "0-1"]
[WhiteElo "2492"]
[BlackElo "2675"]
[TimeControl "180+1"]
[EndTime "11:38:36 PDT"]
[Termination "gahryman won by resignation"]

1. d4 Nf6 2. c4 c5 3. d5 b5 4. a4 b4 5. b3 g6 6. Bb2 Bg7 7. e4 d6 8. f4 O-O 9. e5 Nh5 10. Qf3 Nd7 11. Qe3 Bh6 12. e6 Ne5 13. g3 fxe6 14. Bg2 Bb7 15. Ne2 exd5 16. cxd5 Ba6 17. Be4 Nf6 18. O-O Neg4 19. Qf3 Bg7 20. Bd3 Bxd3 21. Qxd3 Qb6 22. Kh1 Qb7 23. Nd2 Qxd5+ 24.
Qxd5+ Nxd5 25. Bxg7 Kxg7 26. Nc4 Nge3 27. Nxe3 Nxe3 28.
Rfc1 Rac8 29. Ra2 d5 30. Rd2 d4 31. Re1 e5 32. fxe5 Rf2 33. e6 Rcf8 34. e7 Rf1+ 35. Rxf1 Rxf1+ 36. Ng1 Kf7 37. Re2 Kxe7 0-1

[Event "*** Titled Tuesday Blitz"]
[Site "Chess.com"]
[Date "2020.04.21"]
[Round "8"]
[White "kreonx"]
[Black "Kumi29"]
[Result "1-0"]
[WhiteElo "2261"]
[BlackElo "2363"]
[TimeControl "180+1"]
[EndTime "11:38:36 PDT"]
[Termination "kreonx won by resignation"]

1. e4 e5 2. Nf3 Nc6 3. d4 exd4 4.
Nxd4 Nf6 5. Nxc6 bxc6 6. Bd3 d5 7. exd5 cxd5 8. O-O Be7 9. h3 O-O 10. c3 c6 11. Be3 Be6 12. Nd2 Qd7 13. Re1 Rab8 14. Nb3 Bd6 15. Qf3 Rfe8 16. Bc5 Bxc5 17. Nxc5 Qd6 18. b4 d4 19. Nxe6 Rxe6 20. Rxe6 Qxe6 21.
Qf4 Rd8 22. cxd4 Nd5 23. Qh4 Nf6 24. a3 Qd5 25. Be2 Qxd4 26. Qxd4 Rxd4 27. Rc1 Kf8 28. Rxc6 Rd2 29. Bf3 a5 30. bxa5 Ra2 31. Rc3 Nd7 32. a6 Nb6 33. a7 Ke7 34. Rb3 Na8 35. Bxa8 1-0

[Event "*** Titled Tuesday Blitz"]
[Site "Chess.com"]
[Date "2020.04.21"]
[Round "8"]
[White "wnstop"]
[Black "noblerone"]
[Result "1-0"]
[WhiteElo "2601"]
[BlackElo "2454"]
[TimeControl "180+1"]
[EndTime "11:38:37 PDT"]
[Termination "wnstop won on time"]

1. e4 c5 2. Nf3 e6 3. d4 cxd4 4. Nxd4 Qb6 5. Nb3 Qc7 6. c4 a6 7. Nc3 d6 8. Be2 Be7 9. O-O Nf6 10. Be3 b6 11. f3 Bb7 12. a4 Nc6 13. Rc1 O-O 14.
Nd5 exd5 15. cxd5 Qd7 16. dxc6 Bxc6 17. Nd4 Bxa4 18. b3 Bb5 19. Nxb5 axb5 20. Bxb6 Rfc8 21. Qd3 b4 22. Bd4 h6 23. Qb5 Qxb5 24. Bxb5 Bd8 25. Kf2 Rxc1 26. Rxc1 Rb8 27. Ba4 Bb6 28. Ke3 Bxd4+ 29.
Kxd4 Nh5 30. g3 g6 31. Rc7 Ng7 32. Bd7 Rd8 33. Kc4 Kf8 34. Kxb4 Ke7 35. Bc6+ Kf6 36. Bd5 Ne6 37. Bxe6 fxe6 38. Kc4 d5+ 39. exd5 exd5+ 40. Kd4 Rb8 41. Rc3 Rb5 42. Re3 h5 43. h4 Kf7 44. Kc3 Kf6 45. Re8 Rc5+ 46. Kb4 Rc1 47. Re3 1-0

[Event "*** Titled Tuesday Blitz"]
[Site "Chess.com"]
[Date "2020.04.21"]
[Round "8"]
[White "PetrolulSah"]
[Black "Nathan_Filgueiras"]
[Result "1-0"]
[WhiteElo "2218"]
[BlackElo "2305"]
[TimeControl "180+1"]
[EndTime "11:38:37 PDT"]
[Termination "PetrolulSah won by checkmate"]

1. d4 Nf6 2. g3 e6 3. Bg2 d5 4. Nf3 b5 5. O-O Bd6 6. a4 b4 7. c4 bxc3 8. bxc3 O-O 9. c4 Bb7 10. c5 Be7 11. Nbd2 Nc6 12. Rb1 Rb8 13. Nb3 Nd7 14.
Re1 e5 15. e3 e4 16. Nfd2 f5 17. Bb2 g5 18. Bc3 f4 19. Na5 Nxa5 20. Bxa5 Nf6 21.
Qb3 fxe3 22. fxe3 Ng4 23. Nxe4 Qd7 24. Bh3 c6 25. Qd1 h5 26. Rf1 dxe4 27. Rxf8+ Bxf8 28. Qc2 Qd5 29. Bc7 Nxe3 30. Qb3 Re8 31. Qxd5+ Nxd5 32. Rxb7 Re7 33. Rxa7 Rxc7 34. Be6+ Kg7 35. Ra6 Kf6 36.
Bxd5 Kf5 37. Bxc6 e3 38. Kf1 Bg7 39. d5 Bd4 40. Ra5 Kg4 41. Ke2 Rc8 42. Bd7# 1-0

[Event "*** Titled Tuesday Blitz"]
[Site "Chess.com"]
[Date "2020.04.21"]
[Round "8"]
[White "Chessalary"]
[Black "LifeIsAllAboutChess23"]
[Result "0-1"]
[WhiteElo "2238"]
[BlackElo "2037"]
[TimeControl "180+1"]
[EndTime "11:38:37 PDT"]
[Termination "LifeIsAllAboutChess23 won by resignation"]

1. e4 b6 2. d4 Bb7 3. Nc3 e6 4. Nf3 Nf6 5. Bd3 Bb4 6. e5 Ne4 7. Bxe4 Bxe4 8. O-O Bxc3 9. bxc3 O-O 10. Re1 Bb7 11. Bg5 f6 12. exf6 gxf6 13. Bh6 Rf7 14. Qc1 Nc6 15. Qf4 Ne7 16. Qg3+ Kh8 17. Ne5 fxe5 18. Qxe5+ Kg8 19. Re3 Nf5 20. Rh3 Qf6 21.
Qxf6 Rxf6 22. Bc1 Rg6 23. f3 Nd6 24. Rg3 Rf8 25. Rxg6+ hxg6 26. h4 Rf7 27. a4 a5 28.
Bg5 Bc6 29. Bd8 Ne8 30. c4 d5 31. cxd5 exd5 32. Bg5 Nd6 33. Bd8 Nc4 34. Kf2 Nb2 35. Ke2 Bxa4 36. Bg5 Bb5+ 37. Kd2 Nc4+ 38. Kc3 c5 39.
Re1 cxd4+ 40. Kxd4 Rd7 41. g4 a4 42. f4 a3 43. Kc3 d4+ 44. Kb4 Ba6 45. f5 gxf5 46.
gxf5 a2 47. f6 Ne3 0-1

[Event "*** Titled Tuesday Blitz"]
[Site "Chess.com"]
[Date "2020.04.21"]
[Round "8"]
[White "dalmatinac101"]
[Black "Msb2"]
[Result "1-0"]
[WhiteElo "2826"]
[BlackElo "2912"]
[TimeControl "180+1"]
[EndTime "11:38:38 PDT"]
[Termination "dalmatinac101 won by checkmate"]

1. d4 Nf6 2. Nf3 d5 3. g3 Bf5 4. Bg2 e6 5. c4 c6 6. Nc3 h6 7.
Qb3 Qb6 8. c5 Qxb3 9. axb3 Be7 10. h3 O-O 11. g4 Bh7 12. b4 a6 13. Bf4 Nbd7 14. O-O Ne4 15. e3 f6 16. Bh2 Rae8 17.
Rfc1 Nxc3 18. Rxc3 Be4 19. b5 axb5 20. Ra7 b4 21.
Rc1 Rc8 22. Rxb7 Rfd8 23. Ra1 Ra8 24. Rxa8 Rxa8 25. Nd2 Bxg2 26. Kxg2 Rd8 27. Nb3 e5 28. Na5 Bf8 29. Nxc6 Rc8 30. Na7 Nxc5 31. dxc5 Rxc5 32. Rxb4 Rc7 33. Nb5 Rc2 34. Rb3 Kf7 35. Nc3 Rd2 36. Bg3 Bc5 37. Rb5 Bxe3 38. Nxd5 Bd4 39. Rb7+ Kg6 40. Ne7+ Kg5 41. Kf3 Rd3+ 42. Ke4 Rd2 43.
Nf5 g6 44. Bh4# 1-0

[Event "*** Titled Tuesday Blitz"]
[Site "Chess.com"]
[Date "2020.04.21"]
[Round "8"]
[White "joppie2"]
[Black "Azatnew"]
[Result "1/2-1/2"]
[WhiteElo "2926"]
[BlackElo "2787"]
[TimeControl "180+1"]
[EndTime "11:38:38 PDT"]
[Termination "Game drawn by repetition"]

1. e4 e6 2. d4 d5 3. Nc3 Bb4 4. Bd3 dxe4 5. Bxe4 Nf6 6. Bf3 O-O 7. Ne2 c6 8. O-O Nbd7 9. Ne4 Nxe4 10. Bxe4 Nf6 11. Bf3 Qc7 12. Bf4 Bd6 13. Qd2 Rd8 14. Bxd6 Qxd6 15. Qe3 Nd5 16. Qb3 Nf4 17. Nxf4 Qxf4 18. c3 Qc7 19. Rad1 Bd7 20. Rfe1 Be8 21. h4 Rd6 22. h5 Rad8 23. h6 g6 24. Qc4 Qe7 25.
Qc5 b6 26. Qe5 Qf8 27. Qf4 f6 28. Bg4 g5 29. Qg3 Bf7 30. Qh2 f5 31. Bh5 Bxh5 32.
Qxh5 Qf6 33. Re5 c5 34. Rde1 cxd4 35. Rxe6 Rxe6 36. Rxe6 Qxe6 37. Qxg5+ Kf7 38. Qxd8 Qe1+ 39. Kh2 Qe5+ 40. g3 dxc3 41. Qd7+ Kg6 42. bxc3 Qxc3 43. Qxa7 Qd4 44. Kh3 Qg4+ 45. Kg2 Qe4+ 46. Kf1 Qb1+ 47. Ke2 Qc2+ 48. Ke1 Qc1+ 49. Ke2 Qc2+ 50. Ke3 Qc3+ 51. Ke2 Qc2+ 1/2-1/2

[Event "*** Titled Tuesday Blitz"]
[Site "Chess.com"]
[Date "2020.04.21"]
[Round "8"]
[White "MikaelyanArman"]
[Black "kungmongmanh"]
[Result "1-0"]
[WhiteElo "2748"]
[BlackElo "2588"]
[TimeControl "180+1"]
[EndTime "11:38:38 PDT"]
[Termination "MikaelyanArman won by resignation"]

1. e4 e6 2. Nf3 d5 3. e5 c5 4. b4 b6 5. c3 Nc6 6. b5 Na5 7. d4 Bd7 8. Bd3 Rc8 9. O-O cxd4 10. cxd4 Nc4 11. a4 Ne7 12. Nbd2 Nxd2 13. Bxd2 Nf5 14.
g4 Nh4 15. Nxh4 Qxh4 16. f4 Qd8 17. f5 Be7 18. Qf3 f6 19. exf6 Bxf6 20. fxe6 Bxe6 21. Rae1 Qe7 22. Rxe6 Qxe6 23. Re1 Qxe1+ 24. Bxe1 O-O 25. Qxd5+ Kh8 26. Bf2 Rce8 27. Qh5 g6 28. Bxg6 Re7 29. Bf5 Rg8 30. Qh6 Bg5 31. Qd6 Reg7 32. Bg3 Rd8 33.
Qe6 Re7 34. Be5+ 1-0

[Event "*** Titled Tuesday Blitz"]
[Site "Chess.com"]
[Date "2020.04.21"]
[Round "8"]
[White "Schachmalanders"]
[Black "INLOVEWITHF"]
[Result "0-1"]
[WhiteElo "2348"]
[BlackElo "2523"]
[TimeControl "180+1"]
[EndTime "11:38:38 PDT"]
[Termination "INLOVEWITHF won on time"]

1. e4 c5 2. d4 cxd4 3. c3 dxc3 4. Nxc3 e6 5. Nf3 Nc6 6. Bc4 a6 7. O-O Nge7 8. Re1 Ng6 9. h4 Nxh4 10. Nxh4 Qxh4 11. Nd5 exd5 12. exd5+ Ne7 13. d6 Qxc4 14. dxe7 Bxe7 15. Bg5 f6 16. Qd6 Qf7 17. Bd2 Kf8 18.
Qb6 d6 19. Bf4 Kg8 20. Qc7 Bf8 21. Qd8 b5 22. Rac1 Bb7 23. Qb6 Bd5 24. Rc7 Qg6 25. f3 Bxf3 26. Qf2 Be4 27. Re3 h5 28. Rg3 Qf5 29.
Qd2 d5 30. Bh6 Rh7 31. Bf4 g5 32. Bxg5 Rxc7 33. Bxf6+ Kh7 0-1

[Event "*** Titled Tuesday Blitz"]
[Site "Chess.com"]
[Date "2020.04.21"]
[Round "8"]
[White "kingnb"]
[Black "ferch1ni"]
[Result "1-0"]
[WhiteElo "2450"]
[BlackElo "2310"]
[TimeControl "180+1"]
[EndTime "11:38:38 PDT"]
[Termination "kingnb won on time"]

1. e4 c5 2. Nf3 Nc6 3. c3 e5 4. d4 exd4 5. cxd4 cxd4 6. Nxd4 Nf6 7. Nc3 Bb4 8. f3 d5 9. Nxc6 bxc6 10. e5 Nd7 11. f4 O-O 12. Be3 f6 13. e6 Nc5 14.
f5 Ne4 15. Rc1 Qa5 16. Bd3 Nxc3 17. bxc3 Bxc3+ 18. Bd2 Bxd2+ 19. Qxd2 Qb6 20. Qf2 c5 21. Qxc5 Ba6 22. Qxb6 axb6 23. Bxa6 Rxa6 24. Rc2 d4 25. O-O Ra5 26. g4 h5 27. h3 hxg4 28. hxg4 g6 29. Rc6 gxf5 30. Rxf5 Rxf5 31. gxf5 Rd8 32. Kf2 d3 33. Ke1 Kf8 34. Rc7 Rd5 35. Rf7+ Ke8 36. Rxf6 b5 37. Kd2 Kd8 38. Rf7 Ke8 39. a3 Kd8 40. f6 Ke8 41. Rh7 1-0

[Event "*** Titled Tuesday Blitz"]
[Site "Chess.com"]
[Date "2020.04.21"]
[Round "8"]
[White "The_Machine04"]
[Black "silverback96"]
[Result "0-1"]
[WhiteElo "2316"]
[BlackElo "2205"]
[TimeControl "180+1"]
[EndTime "11:38:38 PDT"]
[Termination "silverback96 won by checkmate"]

1. d4 Nf6 2. Bg5 Ne4 3. Bf4 d5 4. e3 c5 5. Bd3 cxd4 6. exd4 Nf6 7. c3 e6 8. Nd2 Bd6 9. Bg3 Nc6 10. Ngf3 O-O 11.
Ne5 Qe7 12. f4 Nd7 13. O-O f6 14. Nef3 Qf7 15. Re1 Re8 16. Re2 e5 17. fxe5 fxe5 18. dxe5 Ndxe5 19. Nxe5 Nxe5 20. Qe1 Bg4 21. Rxe5 Bxe5 22.
Bxe5 Qh5 23. Qf2 Qxe5 24. Rf1 Rf8 25. Qc5 Rxf1+ 26. Nxf1 Rf8 27. Qxa7 Be2 28. Bxe2 Qxe2 29. h3 Qxf1+ 30. Kh2 Qf4+ 31. Kh1 Qe5 32. Kg1 Qe1+ 33. Kh2 Qe5+ 34. Kg1 Re8 35. Qxb7 d4 36. Qb3+ Kh8 37. cxd4 Qxd4+ 38. Kh2 h5 39. Qf3 Qe5+ 40. Kg1 h4 41.
Qg4 Qe1+ 42. Kh2 Qg3+ 43. Qxg3 hxg3+ 44. Kxg3 Re2 45. b4 Rxa2 46. Kf4 Rb2 47. g4 Rxb4+ 48.
Kg3 Kh7 49. Kh4 Kh6 50. Kg3 g5 51. h4 Rb3+ 52. Kg2 gxh4 53. Kh2 Kg5 54. Kg2 Kxg4 55. Kh2 Rb2+ 56. Kg1 Kg3 57. Kf1 h3 58. Ke1 h2 59.
Kd1 h1=Q# 0-1

[Event "*** Titled Tuesday Blitz"]
[Site "Chess.com"]
[Date "2020.04.21"]
[Round "8"]
[White "Skatchkov_V"]
[Black "Zurability"]
[Result "1-0"]
[WhiteElo "2584"]
[BlackElo "2725"]
[TimeControl "180+1"]
[EndTime "11:38:40 PDT"]
[Termination "Skatchkov_V won by resignation"]

1. d4 Nf6 2. c4 e6 3. Nf3 b6 4. g3 Bb7 5. Bg2 Be7 6. O-O O-O 7.
d5 exd5 8. Nh4 Ne4 9. cxd5 Bxh4 10. Bxe4 Bf6 11. Bg2 c5 12. e4 d6 13. Nc3 Nd7 14.
Be3 Ne5 15. f4 Nc4 16. Bc1 b5 17. Qe2 Ba6 18. a4 b4 19. Nb5 Na5 20. e5 Be7 21. Be3 Re8 22. Qg4 Bf8 23. e6 Nc4 24. Bc1 Bxb5 25.
axb5 Qf6 26. Kh1 Nxb2 27. Qe2 Nd3 28. Qxd3 Qxa1 29. exf7+ Kxf7 30. Qxh7 Qf6 31. g4 Qg6 32. Qh3 Re2 33. f5 Qf6 34. Qh5+ Kg8 35. g5 Qe5 36. g6 1-0

[Event "*** Titled Tuesday Blitz"]
[Site "Chess.com"]
[Date "2020.04.21"]
[Round "8"]
[White "dpruess"]
[Black "FeketeBarika"]
[Result "1-0"]
[WhiteElo "2446"]
[BlackElo "2273"]
[TimeControl "180+1"]
[EndTime "11:38:40 PDT"]
[Termination "dpruess won by resignation"]

1. d4 e6 2. e4 d5 3. Nc3 Bb4 4. e5 c5 5. a3 Bxc3+ 6. bxc3 Ne7 7. h4 Nbc6 8. h5 h6 9. Qg4 Kf8 10. Nf3 c4 11. Qf4 b6 12. g4 Bd7 13. a4 a5 14.
Ba3 Kg8 15. Be2 Na7 16. Kd2 Nac8 17. Rhg1 Qe8 18. Bb2 Bxa4 19. Nh4 Bd7 20. g5 hxg5 21.
Rxg5 Nf5 22. Rag1 Nce7 23. Ba3 Rh7 24. Qg4 Qf8 25. Nxf5 exf5 26. Qg2 f6 27. exf6 Qxf6 28. Bxe7 Qf7 29. Bd6 Re8 30. f4 a4 31. Be5 Re7 32. Bf3 Bc6 33. h6 a3 34. Bxg7 Qe6 35. Bf6+ Kf7 36.
Bxe7 Qxe7 37. Rg7+ Rxg7 38. Qxg7+ Ke8 39. Re1 1-0

[Event "*** Titled Tuesday Blitz"]
[Site "Chess.com"]
[Date "2020.04.21"]
[Round "8"]
[White "grunbergmihai"]
[Black "PauloCesarCosta_sad"]
[Result "1-0"]
[WhiteElo "2374"]
[BlackElo "2090"]
[TimeControl "180+1"]
[EndTime "11:38:41 PDT"]
[Termination "grunbergmihai won on time"]

1. Nf3 d5 2. c4 c6 3. g3 e6 4. Bg2 Nf6 5. O-O Nbd7 6. d4 Be7 7.
Qc2 O-O 8. Nbd2 b6 9. e4 dxe4 10.
Nxe4 Nxe4 11. Qxe4 Bb7 12. Rd1 Nf6 13. Qe2 Qc7 14. Bf4 Bd6 15. Ne5 Nd7 16. c5 Bxe5 17. Bxe5 Nxe5 18. Qxe5 Qd7 19. cxb6 axb6 20. a3 Ra4 21. Rac1 Rd8 22. h4 Kf8 23. Rc3 c5 24. Bxb7 Qxb7 25. Rcd3 Rd5 26. Qe3 Raxd4 27. Rxd4 Rxd4 28.
Rxd4 cxd4 29. Qxd4 f6 30. Qd6+ Kf7 31. b4 b5 32. h5 g6 33. h6 g5 34. g4 e5 35.
Qd3 e4 36. Qd8 Kg6 37. Qf8 Qf7 38. Qxf7+ Kxf7 39. Kf1 Ke6 40. Ke2 f5 41. Ke3 fxg4 42. Kxe4 Kd6 43. Kf5 g3 44. fxg3 1-0

[Event "*** Titled Tuesday Blitz"]
[Site "Chess.com"]
[Date "2020.04.21"]
[Round "8"]
[White "TigrVShlyape"]
[Black "Gordima"]
[Result "0-1"]
[WhiteElo "2853"]
[BlackElo "2742"]
[TimeControl "180+1"]
[EndTime "11:38:42 PDT"]
[Termination "Gordima won on time"]

1. d4 d5 2. Nf3 Nf6 3. Bf4 c5 4. e3 Nc6 5. Nbd2 Qb6 6. dxc5 Qxb2 7. Rb1 Qc3 8. Bb5 e6 9. O-O Bxc5 10. Be5 Qa3 11.
c4 Be7 12. cxd5 exd5 13. Nd4 Bd7 14. Bxc6 bxc6 15. Rb7 c5 16. Ne2 Qa6 17. Rc7 Qe6 18. Qa1 Bd6 19. Bxd6 Qxd6 20. Rb7 O-O 21. Rd1 Bc6 22.
Rbb1 Rfe8 23. Qc3 d4 24. Qa3 dxe3 25. fxe3 Ng4 26. Nf1 Qe5 27. Rbc1 Nxe3 28. Nxe3 Qxe3+ 29. Qxe3 Rxe3 30. Nf4 Ba4 31. Rd5 h6 32. Rdxc5 Rd8 33. Ra5 Re4 34. g3 Rd2 0-1

[Event "*** Titled Tuesday Blitz"]
[Site "Chess.com"]
[Date "2020.04.21"]
[Round "8"]
[White "GMNeiksans"]
[Black "Firehand33"]
[Result "0-1"]
[WhiteElo "2853"]
[BlackElo "2709"]
[TimeControl "180+1"]
[EndTime "11:38:42 PDT"]
[Termination "Firehand33 won on time"]

1. b3 b6 2. a4 Bb7 3. a5 Nf6 4. Nf3 g6 5. Bb2 Bg7 6. g3 O-O 7. Bg2 b5 8. O-O a6 9. c4 d6 10.
Nc3 b4 11. Na4 e5 12. d4 e4 13.
Ne1 Nbd7 14. d5 e3 15. f4 Nc5 16. Nd3 Nxd3 17. exd3 Re8 18. Re1 Bc8 19. Qc1 Qe7 20.
Bd4 Ng4 21. Qb2 Bxd4 22. Qxd4 Nf2 23. Ra2 Bf5 24. Rae2 Nxd3 25. Rxe3 Qd7 26. R1e2 Rxe3 27. Rxe3 Re8 28. Bf1 Ne1 29. Kf2 Nc2 30. Rxe8+ Qxe8 31. Qd2 Qe4 32. Bg2 Qd4+ 33. Qxd4 Nxd4 34. c5 Nxb3 35.
c6 Nxa5 36. Ke3 b3 0-1

[Event "*** Titled Tuesday Blitz"]
[Site "Chess.com"]
[Date "2020.04.21"]
[Round "8"]
[White "SPEEDSKATER"]
[Black "lucasran"]
[Result "1-0"]
[WhiteElo "2782"]
[BlackElo "2613"]
[TimeControl "180+1"]
[EndTime "11:38:42 PDT"]
[Termination "SPEEDSKATER won by resignation"]

1. d4 Nf6 2. c4 e6 3. Nf3 b6 4. g3 Bb7 5. Bg2 Be7 6. O-O O-O 7. Re1 Na6 8. Nc3 Ne4 9. Bf4 c5 10. d5 Nxc3 11. bxc3 exd5 12. cxd5 Bf6 13. Rc1 d6 14. e4 Re8 15. c4 Be5 16. Nxe5 dxe5 17. Bd2 Nb8 18.
f4 Nd7 19. Bc3 Qf6 20. Bh3 Bc8 21. Rf1 Qh6 22. Bxd7 Bxd7 23. fxe5 Qe3+ 24. Rf2 Qxe4 25. Qd2 Bf5 26. Rf4 Qd3 27. Qe1 Bg6 28. e6 fxe6 29. Qe5 Re7 30. d6 Rd7 31. Qxe6+ Rf7 32. Rxf7 Bxf7 33.
Qe5 Qg6 34. d7 Rd8 35. Qe7 Rxd7 36. Qxd7 h5 37. Rf1 Bxc4 38. Qf5 Qe8 39. Qg5 Qd7 40.
Re1 Kh7 41. Qxh5+ 1-0

[Event "*** Titled Tuesday Blitz"]
[Site "Chess.com"]
[Date "2020.04.21"]
[Round "8"]
[White "GMKrikor"]
[Black "dragos420"]
[Result "1-0"]
[WhiteElo "2720"]
[BlackElo "2516"]
[TimeControl "180+1"]
[EndTime "11:38:42 PDT"]
[Termination "GMKrikor won on time"]

1. c4 e5 2. Nc3 Nf6 3. Nf3 Nc6 4. e3 Bb4 5. Qc2 O-O 6. Nd5 d6 7. a3 Bc5 8. Ng5 g6 9. Nxf6+ Qxf6 10. Ne4 Qe7 11. b4 Bb6 12. Bb2 Be6 13. h4 a5 14.
b5 Nb8 15. h5 Nd7 16. hxg6 fxg6 17. d3 Nc5 18. Nc3 a4 19. O-O-O c6 20. Kb1 d5 21.
d4 Bf5 22. e4 Nxe4 23. Nxe4 Bxe4 24. Bd3 exd4 25. cxd5 Bxd5 26. Rde1 Qf7 27. f4 c5 28. f5 gxf5 29. Re5 c4 30. Bxf5 1-0

[Event "*** Titled Tuesday Blitz"]
[Site "Chess.com"]
[Date "2020.04.21"]
[Round "8"]
[White "tsvet2005"]
[Black "agrigo3"]
[Result "1-0"]
[WhiteElo "2518"]
[BlackElo "2316"]
[TimeControl "180+1"]
[EndTime "11:38:42 PDT"]
[Termination "tsvet2005 won by checkmate"]

1. d4 d6 2. c4 e5 3. Nf3 e4 4. Nfd2 f5 5. e3 Nf6 6. b4 Be7 7. Bb2 O-O 8. Nc3 c6 9. g3 Na6 10. b5 Nc7 11. a4 d5 12. a5 cxb5 13. cxd5 b4 14. Na4 Ncxd5 15. Nc4 Kh8 16. Be2 f4 17.
gxf4 Bh3 18. Ne5 Rc8 19. Rg1 Qxa5 20. Nc5 Qb6 21. Qb3 a5 22. Rg3 Be6 23. Kf1 Bxc5 24. dxc5 Qxc5 25. Bd4 Qc2 26. Qxc2 Rxc2 27. Rxa5 Nc3 28.
Bxc3 bxc3 29. Rc5 Rc1+ 30. Kg2 c2 31. f5 Bb3 32. Rc7 Ne8 33. Rc8 Rd1 34. Rxc2 Bxc2 35. Bc4 Nd6 36. Ng6+ hxg6 37. Rh3# 1-0

[Event "*** Titled Tuesday Blitz"]
[Site "Chess.com"]
[Date "2020.04.21"]
[Round "8"]
[White "serhanberat_ozdemir"]
[Black "PredragNikac"]
[Result "0-1"]
[WhiteElo "2388"]
[BlackElo "2284"]
[TimeControl "180+1"]
[EndTime "11:38:42 PDT"]
[Termination "PredragNikac won by resignation"]

1. e4 d5 2. exd5 Nf6 3. Nc3 Bg4 4. Be2 h5 5. h3 Bxe2 6. Qxe2 a6 7. Nf3 Nxd5 8. d3 Nxc3 9. bxc3 e6 10. Bf4 Nd7 11.
O-O Qf6 12. Bh2 Bd6 13. Bxd6 cxd6 14. Rab1 b5 15. Qe4 d5 16. Qd4 Qxd4 17. Nxd4 Rc8 18. Rb3 Nc5 19. Ra3 Ke7 20. Rb1 e5 21. Nb3 Rh6 22.
Re1 Nxb3 23. Rxb3 Re6 24. Kf1 f5 25. a4 bxa4 26. Ra3 Kf6 27. Re2 h4 28. Rxa4 Rxc3 29. Rxh4 Rec6 30. Ra4 f4 31. Ra2 g5 32. Ke1 Kf5 33. f3 R6c5 34. Kd2 a5 35. Re1 a4 36. Rc1 a3 37. Re1 d4 38. Rb1 Kg6 39. Rb6+ Kh5 40. Ra6 Kh4 41. R6xa3 Rxa3 42. Rxa3 Kg3 43. Ra6 Kxg2 44.
Rg6 e4 45. fxe4 f3 46. c3 dxc3+ 47. Kc2 f2 48. Rf6 f1=Q 49. Rxf1 Kxf1 50. d4 Rc4 51.
Kd3 Rxd4+ 52. Kxd4 c2 0-1

[Event "*** Titled Tuesday Blitz"]
[Site "Chess.com"]
[Date "2020.04.21"]
[Round "8"]
[White "pgradalski"]
[Black "JoachimMouhamad"]
[Result "0-1"]
[WhiteElo "2214"]
[BlackElo "2359"]
[TimeControl "180+1"]
[EndTime "11:38:42 PDT"]
[Termination "JoachimMouhamad won on time"]

1. e4 c5 2. c3 Nf6 3. e5 Nd5 4. d4 cxd4 5. cxd4 d6 6. Nf3 Nc6 7. Nc3 dxe5 8. Nxe5 Nxc3 9. Nxc6 Nxd1 10. Nxd8 Kxd8 11. Kxd1 Bg4+ 12. f3 Bf5 13. Bc4 e6 14. Be3 Rc8 15. Bb3 Bb4 16. Ke2 Ke7 17. Rac1 b6 18. d5 e5 19. a3 Bd6 20. Bc4 Bd7 21. Ba6 Rxc1 22. Rxc1 f5 23. g3 h6 24. b4 g5 25. f4 gxf4 26. gxf4 exf4 27. Bd4 Rg8 28.
Rf1 Rg2+ 29. Rf2 Rg4 30. Kf3 Kf7 31. Re2 h5 32. Bb7 h4 33. Bc6 Bc8 0-1

[Event "*** Titled Tuesday Blitz"]
[Site "Chess.com"]
[Date "2020.04.21"]
[Round "8"]
[White "Kaponov"]
[Black "crossingthestreet"]
[Result "0-1"]
[WhiteElo "2120"]
[BlackElo "2260"]
[TimeControl "180+1"]
[EndTime "11:38:42 PDT"]
[Termination "crossingthestreet won by resignation"]

1. d4 e6 2. c4 Nf6 3. Nf3 d5 4. g3 Be7 5. Bg2 O-O 6. O-O dxc4 7. Qc2 a6 8. a4 Bd7 9. Qxc4 Bc6 10. Bg5 Nbd7 11. Nc3 a5 12. Qd3 Bxf3 13. Bxf3 c6 14. e4 Ne5 15. Qe3 Qxd4 16. Qxd4 Nxf3+ 17. Kg2 Nxd4 18. Rad1 e5 19. f4 Bd6 20. fxe5 Bxe5 21.
Bf4 Bxf4 22. gxf4 c5 23. e5 Ng4 24. Rd3 Rad8 25. Ne4 c4 26. Rg3 Nf5 27. Rc1 Nxg3 28.
Kxg3 Ne3 29. Kf3 Nf5 30. Rxc4 Rc8 31. b3 Rxc4 32. bxc4 Rc8 33. c5 Ne7 34. Ke2 Nd5 35.
f5 f6 36. e6 Ne7 37. Kd3 Nxf5 38. Nd6 Nxd6 39. cxd6 Rc6 40. d7 Rd6+ 41. Kc4 Kf8 42. Kc5 Ke7 0-1